Map: Ulrena

Players

speaknow (ByuN)

  • Race: Terran Terran
  • League: Platinum

LiquidMaNa (MaNa) - Winner!

  • Race: Protoss Protoss

VOD

Have the link to the VOD?

Description

Time

  • Played on: Dec. 14, 2015, 9:51 p.m.
  • Length: 11:04
Show
View Real Time Build Order
Export as new Build Order

speaknow Terran 

Build Orders: 1/1/1, Liberator Opening, Bio Tank, MMM Bio 

Get SALT Encoding   

  12  0:00  SCV  
  13  0:13  SCV  
  14  0:17  Supply Depot  
  14  0:25  SCV  
  15  0:39  SCV  
  15  0:40  Barracks  
  16  0:44  Refinery  
  16  0:51  SCV  
  16  0:56  Refinery  
  17  1:03  SCV  
  18  1:15  SCV  
  19  1:27  Marine  
  19  1:28  Orbital Command  
  19  1:32  Factory  
  20  1:43  Supply Depot  
  20  1:48  Barracks Reactor  
  20  1:53  SCV  
  21  2:05  SCV  
  22  2:16  Widow Mine  
  22  2:17  SCV, Starport  
  25  2:24  Marine x2  
  25  2:28  Supply Depot  
  25  2:29  SCV  
  28  2:42  SCV, Marine x2  
  31  2:49  Widow Mine  
  33  2:53  Medivac  
  33  2:55  Supply Depot  
  33  2:58  SCV  
  36  3:01  Marine  
  37  3:06  Liberator  
  40  3:29  Command Center  
  40  3:34  SCV  
  41  3:37  Marine x2  
  43  3:55  Marine x2  
  44  4:13  Marine x2  
  44  4:15  Liberator  
  44  4:16  SCV  
  44  4:19  Factory Tech Lab  
  38  4:28  SCV  
  38  4:31  Marine x2  
  47  4:38  Siege Tank  
  47  4:41  SCV  
  48  4:49  Marine x2  
  50  4:53  SCV  
  49  5:00  Orbital Command  
  49  5:05  SCV  
  49  5:06  Marine  
  49  5:07  Marine  
  51  5:10  Siege Tank  
  55  5:17  SCV  
  55  5:18  Barracks  
  55  5:20  Starport Tech Lab  
  56  5:24  Marine x2  
  58  5:29  SCV x2  
  60  5:42  Marine x2  
  62  5:46  Barracks  
  62  5:47  Starport Reactor  
  62  5:50  Supply Depot, Refinery  
  62  5:51  Supply Depot  
  62  5:56  Engineering Bay  
  62  6:11  Marine x2  
  62  6:12  SCV x2, Siege Tank  
  69  6:24  SCV x2  
  68  6:27  Marine  
  68  6:29  Stimpack, Marine x2  
  70  6:36  SCV x2  
  72  6:42  Supply Depot, Starport Reactor  
  72  6:45  Marine  
  71  6:47  Marine  
  71  6:48  SCV x2  
  71  6:54  Supply Depot  
  74  7:00  SCV x2  
  74  7:01  Terran Infantry Weapons Level 1  
  76  7:05  Marine x3  
  80  7:12  SCV x2  
  82  7:20  Siege Tank, Medivac x2  
  88  7:24  Supply Depot, SCV  
  88  7:25  SCV  
  88  7:27  Refinery  
  90  7:31  Supply Depot  
  90  7:36  SCV  
  91  7:37  SCV  
  91  7:42  Marine  
  91  7:43  Marine  
  94  7:45  Marine x2  
  94  7:46  Marine  
  98  7:55  Medivac  
  98  7:56  Siege Tank, Medivac  
  101  8:00  Supply Depot  
  101  8:03  Marine x3  
  101  8:04  Marine x2  
  106  8:14  Command Center  
  105  8:20  SCV  
  105  8:21  SCV, Marine x3  
  105  8:26  Marine x2  
  108  8:33  SCV x2  
  108  8:41  Marine x3  
  108  8:44  Marine  
  108  8:45  SCV x2, Siege Tank  
  117  8:53  Barracks  
  117  8:54  Barracks  
  117  8:57  SCV x2  
  116  9:04  Combat Shields  
  116  9:09  Terran Infantry Armor Level 1, SCV x2  
  117  9:16  Marine  
  117  9:17  Marine x2  
  96  9:18  Marine  
  96  9:21  SCV x2, Marine  
  83  9:34  Marine x2  
  83  9:35  Marine x2  
  87  9:38  Medivac x2  
  87  9:39  Marine  
  87  9:40  SCV x2  
  94  9:46  Barracks Tech Lab x2  
  94  9:48  Orbital Command  
  94  9:53  SCV x2  
  94  9:58  Marine x3  
  98  10:03  Marauder  
  98  10:04  Marine  
  82  10:08  Marine x2  
  62  10:16  Marine x2  
  62  10:18  SCV  
  52  10:25  Marauder  
  52  10:26  Marine  
Show
View Real Time Build Order
Export as new Build Order

LiquidMaNa Protoss - Winner!

Build Orders: 1 Gate Expand 

Get SALT Encoding   

  12  0:00  Probe (Chrono Boost)  
  13  0:11  Probe (Chrono Boost)  
  14  0:18  Pylon  
  14  0:22  Probe (Chrono Boost)  
  15  0:36  Probe (Chrono Boost)  
  15  0:37  Gateway  
  16  0:47  Probe (Chrono Boost)  
  17  1:09  Nexus  
  17  1:13  Probe (Chrono Boost)  
  18  1:19  Assimilator  
  18  1:23  Probe (Chrono Boost)  
  19  1:32  Cybernetics Core  
  19  1:36  Probe (Chrono Boost)  
  20  1:40  Assimilator  
  20  1:46  Probe (Chrono Boost)  
  21  1:51  Pylon  
  21  1:57  Probe (Chrono Boost)  
  22  2:05  Warp Gate (Chrono Boost)  
  22  2:07  Probe (Chrono Boost)  
  23  2:12  Stalker  
  25  2:20  Probe x2  
  27  2:35  Robotics Facility  
  27  2:38  Probe x2  
  31  2:51  Mothership Core, Probe  
  32  2:59  Gateway  
  32  3:08  Gateway  
  32  3:10  Probe  
  33  3:13  Probe  
  33  3:18  Stalker (Chrono Boost)  
  36  3:22  Observer (Chrono Boost)  
  36  3:24  Probe  
  36  3:25  Probe  
  39  3:33  Pylon  
  39  3:39  Pylon  
  39  3:46  Observer  
  39  3:57  Probe x2  
  41  4:03  Stalker  
  41  4:04  Stalker  
  45  4:13  Stalker  
  45  4:14  Probe  
  48  4:24  Immortal  
  48  4:25  Probe  
  48  4:26  Probe  
  48  4:29  Pylon  
  50  4:31  Adept  
  50  4:32  Adept  
  50  4:37  Pylon  
  54  4:43  Probe x2  
  55  4:45  Adept  
  56  4:55  Probe  
  56  4:56  Probe  
  58  5:05  Immortal  
  62  5:08  Probe x2  
  62  5:11  Sentry  
  65  5:20  Probe x2  
  67  5:21  Adept  
  67  5:32  Probe  
  62  5:35  Adept  
  62  5:36  Adept  
  62  5:40  Probe  
  62  5:41  Assimilator  
  67  5:42  Assimilator  
  67  5:44  Probe  
  67  5:45  Twilight Council  
  67  5:48  Pylon  
  68  5:55  Stalker  
  70  5:57  Pylon  
  70  6:05  Stalker  
  70  6:06  Zealot  
  74  6:18  Stalker  
  76  6:29  Probe x2  
  76  6:32  Blink (Chrono Boost)  
  78  6:37  Adept  
  78  6:38  Adept x2  
  76  6:41  Probe x2  
  76  6:45  Warp Prism  
  74  6:53  Gateway  
  76  6:55  Gateway  
  76  7:00  Stalker x3  
  82  7:06  Pylon  
  82  7:08  Probe x2  
  84  7:09  Pylon  
  84  7:18  Robotics Bay  
  84  7:23  Adept x3  
  84  7:28  Immortal  
  90  7:34  Probe x2  
  96  7:44  Pylon  
  96  7:45  Pylon  
  96  7:54  Stalker x3  
  100  8:02  Disruptor  
  100  8:03  Pylon  
  103  8:21  Sentry  
  103  8:22  Resonating Glaives (Chrono Boost)  
  105  8:34  Adept  
  105  8:35  Adept x3  
  101  8:48  Stalker  
  101  8:53  Nexus  
  103  8:56  Pylon  
  99  9:03  Stalker x2, Disruptor  
  99  9:04  Stalker x2  
  90  9:25  Adept  
  90  9:27  Adept x2  
  90  9:28  Zealot x2  
  98  9:32  Assimilator  
  98  9:34  Disruptor, Assimilator  
  101  9:49  Adept x5  
  109  10:01  Probe  
  109  10:07  Disruptor  
  102  10:08  Probe  
  100  10:18  Stalker x5  
  100  10:26  Probe  
Tags
 
Add a new tag
Caveats
  • Supply blocks, unpowered buildings, or Contaminate may cause inaccurate times.
  • Supply counts are checked every 10 seconds.